 Dungeon Crawl Stone Soup version 0.27-b1-42-g19c61b19a5 (webtiles) character file.

Game seed: 2570510097219971400

316565 EnegeticOcto the Executioner (level 20, 140/292 HPs)
             Began as a Minotaur Fighter on July 30, 2021.
             Was an Initiate of Gozag.
             Quit the game on level 3 of the Realm of Zot.
             The game lasted 00:42:29 (31536 turns).

EnegeticOcto the Executioner (Minotaur Fighter)    Turns: 31536, Time: 00:42:30

Health: 140/292    AC: 30    Str: 26    XL:     20   Next: 15%
Magic:  19/19      EV:  2    Int:  4    God:    Gozag
Gold:   4720       SH: 18    Dex: 13    Spells: 19/19 levels left

rFire    . . .     SeeInvis .   W - +4 broad axe (flame)
rCold    + . .     Faith    .   c - +4 kite shield
rNeg     + + +     Spirit   .   (armour currently unavailable)
rPois    +         Reflect  .   (helmet currently unavailable)
rElec    .         Harm     .   (cloak currently unavailable)
rCorr    .         Rampage  .   (gloves currently unavailable)
Will     ++...     NoTele   +   (boots currently unavailable)
Stlth    +.........             p - amulet of regeneration
HPRegen  1.58/turn              U - ring of willpower
MPRegen  0.16/turn              t - ring of protection from cold

@: tree-form, gold aura
A: stationary, stasis, torment immunity, boosted hp, (horns 2), (retaliatory
headbutt), dopey 1
}: 3/15 runes: decaying, abyssal, gossamer
a: Renounce Religion, Potion Petition, Call Merchant, Bribe Branch


You were on level 3 of the Realm of Zot.
You worshipped Gozag.
Gozag was most pleased with you.
You were a tree.
You visited 8 branches of the dungeon, and saw 40 of its levels.
You visited the Abyss 3 times.
You visited 1 bazaar.

You collected 14204 gold pieces.
You spent 1803 gold pieces at shops.
You paid 7681 gold pieces to Gozag.

Inventory:

Hand Weapons
 a - a +8 war axe of protection
   (You bought it in a shop in a bazaar)
 b - a +0 demon trident of freezing
   (You bought it in a shop on level 2 of the Orcish Mines)
 x - a +0 broad axe
   (You took it off a spriggan berserker on level 4 of the Swamp)
 z - a +2 whip of flaming
   (You took it off Pikel on level 4 of the Dungeon)
 W - a +4 broad axe of flaming (weapon)
   (You took it off a hell knight on level 2 of the Depths)
Missiles
 u - 2 throwing nets (quivered) {!f}
Armour
 c - a +4 kite shield (worn)
 f - a +2 pair of gloves (melded)
   (You found it on level 3 of the Dungeon)
 A - a +2 pair of boots (melded)
   (You found it on level 7 of the Dungeon)
 C - a +1 cloak (melded)
   (You took it off Maurice on level 8 of the Dungeon)
 M - a +10 plate armour of fire resistance (melded)
   (You found it on level 3 of the Lair of Beasts)
Jewellery
 p - an amulet of regeneration (around neck)
   (You found it on level 6 of the Dungeon)
 t - a ring of protection from cold (right branch)
   (You found it on level 5 of the Dungeon)
 v - a ring of ice
   (You found it on level 4 of the Swamp)
 I - a +6 ring of strength
   (You found it on level 10 of the Dungeon)
 N - a ring of poison resistance
   (You found it on level 6 of the Lair of Beasts)
 S - a ring of see invisible
   (You found it on level 15 of the Dungeon)
 U - a ring of willpower (left branch)
   (You bought it in a shop on level 1 of the Depths)
 X - a +4 ring of protection
   (You found it on level 3 of the Spider Nest)
Wands
 g - a wand of polymorph (13)
   (You found it on level 4 of the Lair of Beasts)
 o - a wand of digging (21) {@v3}
   (You took it off Terence on level 2 of the Dungeon)
 y - a wand of charming (14)
   (You found it on level 7 of the Dungeon)
 B - a wand of mindburst (17)
   (You took it off Maurice on level 8 of the Dungeon)
 G - a wand of flame (105) {@v4}
   (You found it on level 11 of the Dungeon)
 O - a wand of iceblast (19) {@v2}
   (You found it on level 13 of the Dungeon)
 Y - a wand of acid (3) {@v1}
   (You found it on level 3 of the Spider Nest)
Scrolls
 e - a scroll of magic mapping {@r5 !r}
 j - 9 scrolls of fog {!r}
 m - 2 scrolls of blinking {@r4}
 q - 4 scrolls of vulnerability
 D - 3 scrolls of fear {!r}
 E - a scroll of holy word
 F - 2 scrolls of immolation
 K - 10 scrolls of teleportation {@r3 !r}
 L - 10 scrolls of identify {@r1}
Potions
 d - 3 potions of might {@q3 !q}
 h - 5 potions of magic
 i - a potion of curing {@q1 !q}
 k - 2 potions of cancellation
 l - 5 potions of lignification {@q6}
 n - 5 potions of brilliance
 r - 4 potions of ambrosia
 w - 3 potions of resistance
 H - a potion of berserk rage
 J - 3 potions of attraction
 P - 4 potions of flight
 Q - 2 potions of haste {@q4 !q}
 R - 2 potions of mutation
Miscellaneous
 s - a lightning rod (2/4)
   (You found it on level 4 of the Lair of Beasts)
 V - a phantom mirror
   (You found it on level 2 of the Spider Nest)


   Skills:
 * Level 20.9 Fighting
 + Level 21.6 Axes
 + Level 19.6 Armour
 + Level 13.4 Dodging
 - Level 15.0 Shields
 - Level 8.0 Evocations


You had 19 spell levels left.
You didn't know any spells.
Your spell library contained the following spells:

 Spells                   Type           Power      Damage    Failure   Level
 Animate Skeleton         Necr           0%         N/A       50%         1
 Apportation              Tloc           0%         N/A       50%         1
 Corona                   Hex            0%         N/A       50%         1
 Freeze                   Ice            0%         1d3       50%         1
 Magic Dart               Conj           0%         1d3       50%         1
 Shock                    Conj/Air       0%         1d3       50%         1
 Summon Small Mammal      Summ           0%         N/A       50%         1
 Ensorcelled Hibernation  Hex/Ice        0%         N/A       65%         2
 Passwall                 Tmut/Erth      0%         N/A       65%         2
 Searing Ray              Conj           0%         3d3       65%         2
 Sublimation of Blood     Necr           0%         N/A       65%         2
 Wereblood                Tmut           0%         N/A       65%         2
 Call Canine Familiar     Summ           0%         N/A       86%         3
 Dazzling Flash           Conj/Hex       0%         N/A       86%         3
 Frozen Ramparts          Ice            0%         1d2       86%         3
 Gell's Gravitas          Tloc           0%         N/A       86%         3
 Ozocubu's Armour         Ice            0%         N/A       86%         3
 Summon Guardian Golem    Hex/Summ       0%         N/A       86%         3
 Swiftness                Air            0%         N/A       86%         3
 Teleport Other           Tloc           0%         N/A       86%         3
 Tukima's Dance           Hex            0%         N/A       86%         3
 Airstrike                Air            0%         N/A       99%         4
 Animate Dead             Necr           0%         N/A       99%         4
 Fulminant Prism          Conj/Hex       0%         3d6       99%         4
 Hailstorm                Conj/Ice       0%         3d3       99%         4
 Passage of Golubria      Tloc           N/A        N/A       99%         4
 Petrify                  Tmut/Erth      0%         N/A       99%         4
 Summon Lightning Spire   Summ/Air       0%         N/A       99%         4
 Agony                    Necr           0%         N/A       100%        5
 Alistair's Intoxication  Tmut/Pois      0%         N/A       100%        5
 Borgnjor's Vile Clutch   Necr/Erth      0%         N/A       100%        5
 Freezing Cloud           Conj/Ice/Air   0%         6-21      100%        5
 Irradiate                Conj/Tmut      0%         3d13      100%        5
 Lightning Bolt           Conj/Air       0%         1d11      100%        5
 Silence                  Hex/Air        0%         N/A       100%        5
 Yara's Violent Unravell  Hex/Tmut       0%         3d3       100%        5
 Death Channel            Necr           0%         N/A       100%        6
 Dispersal                Tloc           0%         N/A       100%        6
 Invisibility             Hex            0%         N/A       100%        6
 Simulacrum               Ice/Necr       0%         N/A       100%        6
 Statue Form              Tmut/Erth      0%         N/A       100%        6
 Ozocubu's Refrigeration  Ice            0%         4d5       100%        7
 Summon Hydra             Summ           0%         N/A       100%        7
 Disjunction              Tloc           0%         N/A       100%        8
 Polar Vortex             Ice            0%         N/A       100%        9


Dungeon Overview and Level Annotations

Branches:
Dungeon (15/15)            Temple (1/1) D:4            Lair (6/6) D:9
  Swamp (4/4) Lair:3       Spider (4/4) Lair:3        Slime (0/5) Lair:6
    Orc (2/2) D:12            Elf (0/3) Orc:2        Vaults (0/5) D:14
 Depths (5/5) D:15            Zot (3/5) Depths:5

Altars:
Ashenzari
Cheibriados
Dithmenos
Elyvilon
Fedhas
Gozag
Hepliaklqana
Kikubaaqudgha
Makhleb
Nemelex Xobeh
Okawaru
Qazlal
Ru
Sif Muna
Trog
Uskayaw
Vehumet
Wu Jian
Xom
Yredelemnul
Zin
The Shining One
Jiyva

Shops:
D:1 *   D:10 (   Orc:2 [*((::   Depths:1 ==

Portals:
Abyss: Depths:2 Depths:3
Pandemonium: Depths:1 Depths:2
Trove: Depths:2 (give +3 storm dragon scales)

Annotations:
D:10 exclusion: oklob plant
Lair:5 2 transporters, exclusion: ice statue, kthxbai's ghost, journeyman DgCj
Lair:6 exclusion: 2 doors


Innate Abilities, Weirdness & Mutations

You are a tree.
Your roots penetrate the ground, keeping you stationary.
You cannot be teleported.
You are immune to unholy pain and torment.
Your maximum health is greatly increased.
Your equipment is partially melded.
((You have a pair of horns on your head.))
((You reflexively headbutt those who attack you in melee.))
You are dopey. (Int -2)


Message History

The yellow draconian is no longer distracted by gold.
The thunderbolt hits the yellow draconian!
The yellow draconian is lightly wounded.
You feel sick.
You hear a roar! x2
The golden dragon breathes fire at you. The bolt of fire hits you.
The white draconian is distracted by your dazzling golden aura.
The white draconian roars!
Aiming: Thunderbolt
Press: ? - help, Shift-Dir - straight line, f/p - golden dragon
Aim: a golden dragon (moderately wounded, catching its breath)
The thunderbolt hits the golden dragon.
The golden dragon resists.
The golden dragon is moderately wounded.
The thunderbolt hits the white draconian!!
The white draconian is moderately wounded.
The thunderbolt hits the yellow draconian!!
The yellow draconian is moderately wounded.
The thunderbolt hits the yellow draconian!
The yellow draconian is moderately wounded.
You feel sick.
You are no longer poisoned.
The yellow draconian is distracted by your dazzling golden aura.
The golden dragon bites you!!
The golden dragon claws you but does no damage.
You block the golden dragon's attack.
The yellow draconian roars!
Aiming: Thunderbolt
Press: ? - help, Shift-Dir - straight line, f/p - golden dragon
Aim: a golden dragon (moderately wounded, catching its breath)
The thunderbolt hits the golden dragon!
The golden dragon resists.
The golden dragon is heavily wounded.
The thunderbolt hits the white draconian!!
The white draconian is heavily wounded.
The thunderbolt hits the yellow draconian!!
The yellow draconian is heavily wounded.
The yellow draconian is no longer distracted by gold.
The thunderbolt hits the yellow draconian!!
The yellow draconian is heavily wounded.
The golden dragon bites you! You block the golden dragon's attack.
The golden dragon tramples you but does no damage.
Aiming: Corrosive Bolt
Press: ? - help, Shift-Dir - straight line, f/p - golden dragon
Aim: a golden dragon (heavily wounded, catching its breath, 84% to hit)
The bolt of acid hits the golden dragon!
The golden dragon is splashed with acid!
The acid corrodes the golden dragon!
The golden dragon is heavily wounded.
The bolt of acid hits the white draconian!
The white draconian is splashed with acid!
The acid corrodes the white draconian!
The white draconian is severely wounded.
The bolt of acid hits the yellow draconian!
The yellow draconian is severely wounded.
The bolt of acid hits the yellow draconian.
The yellow draconian is heavily wounded.
A purple draconian comes into view. It is wielding a +0 flail.
The golden dragon bites you but does no damage.
You block the golden dragon's attack.
The golden dragon tramples you but does no damage.
Aiming: Corrosive Bolt
Press: ? - help, Shift-Dir - straight line, f/p - golden dragon
Aim: a golden dragon (heavily wounded, catching its breath, covered in acid, 84% to hit)
The bolt of acid hits the golden dragon!!
The golden dragon is splashed with acid.
The golden dragon seems to be corroded for longer.
The golden dragon is severely wounded.
The bolt of acid hits the white draconian!!
The white draconian is splashed with acid.
You kill the white draconian!
The bolt of acid hits the yellow draconian!
The yellow draconian is almost dead.
The bolt of acid hits the yellow draconian but does no damage.
The yellow draconian is heavily wounded.
The white draconian is no longer distracted by gold.
You block the golden dragon's attack. x2; The golden dragon tramples you.
Aiming: Corrosive Bolt
Press: ? - help, Shift-Dir - straight line, f/p - golden dragon
Aim: a golden dragon (severely wounded, covered in acid, 84% to hit)
The bolt of acid hits the golden dragon!!
The golden dragon is splashed with acid.
The golden dragon seems to be corroded for longer.
You kill the golden dragon!
The bolt of acid hits the yellow draconian!
The yellow draconian is almost dead.
The bolt of acid misses the yellow draconian.
The yellow draconian throws acid at you.
The glob of acid hits you.
You are splashed with acid!
An orb of fire comes into view.
A moth of wrath comes into view.
Your lightning rod (2/4) has regained one charge.
Unknown command.
Okay, then.
Okay, then.
Char dumped successfully.
Unknown command.
You are a level 20 Minotaur Fighter.
You are 15% of the way to level 21.
Play time: 00:42:12 (31536 turns).
Zot will find you in 16925 turns if you stay in this branch and explore no new floors.
Are you sure you want to abandon this character and quit the game? (Confirm with "yes".)

########..........#***,,,,,,**≈,≈
.................#.****,,,,,*≈≈,,
...)............##*,**##*#***,≈,,
.....#########..#****≈≈#§≈**≈≈,,,
....)# *#..#**#§§§§≈≈≈≈,,,,
..)).# *#..*#§≈§$○.,≈≈,,,,
....)###########*##≈§§...☼○,≈,,,,
...)..........$###§≈≈...☼),,,,,,,
.....<...y......♣$dd)d.z..,,,,,,,
#####..........###≈≈≈d.*..,,,,,,,
................###≈§≈.§..,,≈,,,,
.........>.....#####≈§≈...,≈≈,,,,
######.......####..##§≈§≈≈≈≈≈,,,,
#.........#..##*≈≈#≈≈**≈≈,,,
#.........!.##*####*#***,≈,,
######..........##*#.# *#.,,*≈≈,,
...............####.#**#..,,**≈,≈


You could see an orb of fire, 2 draconians, a purple draconian, a white
draconian, a curse toe and a moth of wrath.

Vanquished Creatures
  A juggernaut (Depths:2)
  A Killer Klown (Zot:3)
  2 golden dragons
  Nikola (Depths:2)
  Arachne (Spider:3)
  Jorgrun (Spider:1)
  2 tentacled monstrosities
  A lich (Depths:5)
  2 quicksilver dragons
  A tentacled starspawn (Abyss:3)
  Frances (Spider:1)
  2 thorn hunters
  A death cob (Zot:2)
  A tengu reaver (Depths:5)
  3 draconian monks
  3 shadow dragons
  3 draconian knights (Zot:3)
  4 fire giants (Depths:2)
  A frost giant (Depths:5)
  A draconian scorcher (Zot:3)
  6 ghost moths
  Louise (Spider:1)
  A draconian shifter (Zot:3)
  8 very ugly things
  2 emperor scorpions (Spider:4)
  A draconian annihilator (Zot:3)
  A war gargoyle (D:11)
  4 stone giants
  5 green draconians
  A dire elephant (Lair:6)
  5 entropy weavers
  2 yellow draconians (Zot:2)
  4 red draconians
  3 bunyips
  A white draconian (Zot:3)
  5 black draconians
  3 purple draconians
  Snorg (D:12)
  3 spark wasps
  2 eleionomae
  Josephine (D:11)
  4 ettins
  7 fire dragons
  A yaktaur captain (Depths:5)
  7 great orbs of eyes
  3 jiangshi (Depths:2)
  2 shambling mangroves
  The ghost of Dikli the Blocker, a journeyman MiBe of Trog (Lair:3)
  2 ghost crabs
  4 rakshasas
  2 vault guards (D:14)
  24 hydras
  6 boulder beetles
  An ice dragon (Depths:2)
  An ogre mage (D:15)
  A spriggan air mage (Swamp:4)
  4 centaur warriors
  4 catoblepae
  A death knight (D:14)
  8 two-headed ogres
  A vampire mage (Depths:2)
  2 deep troll earth magi (Depths:2)
  An alligator (Swamp:3)
  5 tengu warriors
  2 spriggan berserkers
  A deep troll shaman (Depths:2)
  6 death yaks (Lair:6)
  Urug (Orc:2)
  7 hell knights (Depths:2)
  Nergalle (D:11)
  5 orc high priests (Orc:2)
  3 wretched stars (Abyss:3)
  A sixfirhy (D:15)
  A spectral death yak (Lair:6)
  A glowing orange brain (Depths:2)
  A storm dragon zombie (Depths:2)
  3 iron trolls (Depths:2)
  2 goliath frogs
  8 swamp dragons
  A bog body (Swamp:3)
  3 spriggan druids
  2 obsidian statues
  A large abomination (Abyss:3)
  4 deep trolls (Depths:2)
  4 wizards
  Pikel (D:4)
  A deep elf zephyrmancer (D:15)
  9 orc knights
  2 deep elf pyromancers
  3 phantasmal warriors
  12 orb spiders
  30 wolf spiders
  7 necromancers
  A cyclops (D:15)
  24 ugly things
  A fire giant zombie (Depths:2)
  5 slime creatures (D:13)
  2 worldbinders
  A rust devil (D:15)
  Maurice (D:8)
  An iron dragon skeleton (Depths:2)
  2 manticores
  A naga mage (D:15)
  12 moths of wrath
  2 black mambas (shapeshifter) (D:15)
  26 elephants
  A torpor snail (Lair:5)
  3 black mambas
  2 vault sentinels (D:14)
  A smoke demon (D:15)
  2 gargoyles
  2 kobold demonologists
  11 cane toads
  3 efreet
  21 demonic crawlers
  2 orange demons
  2 rime drakes
  2 freezing wraiths (D:14)
  6 yaktaurs (D:15)
  5 komodo dragons
  A yaktaur (shapeshifter) (D:14)
  2 tengu conjurers
  6 trolls
  A queen bee (Abyss:3)
  A polar bear (Lair:1)
  A tyrant leech (Swamp:4)
  22 jumping spiders
  11 hornets
  5 meliai (Abyss:3)
  2 spectral elephants (Lair:6)
  3 raiju (Abyss:3)
  A meliai zombie (D:10)
  7 blink frogs
  A spriggan skeleton (Depths:2)
  55 redbacks
  A water elemental (Depths:2)
  2 spriggans (Swamp:2)
  6 wraiths
  27 tarantellas
  24 yaks
  2 shadows
  A vampire (D:6)
  A ynoxinul (D:15)
  4 wyverns
  2 steam dragons
  9 basilisks
  9 humans (D:14)
  A death yak simulacrum (Lair:6)
  2 neqoxecs (Abyss:3)
  11 vampire mosquitoes
  2 spectral cane toads (Lair:6)
  12 swamp worms
  3 acid dragons
  14 water moccasins
  3 wargs (D:9)
  9 swamp drakes
  An elephant zombie (Lair:6)
  A floating eye (Depths:5)
  30 orc warriors
  A black bear (D:4)
  3 necrophages (D:9)
  2 ice beasts
  2 hornet zombies
  A meliai simulacrum (D:15)
  6 ogres
  A sky beast (D:7)
  27 wolves
  18 centaurs
  3 phantoms (D:12)
  An elephant skeleton (Lair:6)
  A lemure (D:4)
  5 kobold brigands (D:13)
  3 gnoll sergeants
  14 bullfrogs
  A cane toad simulacrum (Lair:6)
  3 scorpions
  A water moccasin zombie (D:5)
  2 small abominations (Abyss:3)
  19 killer bees
  An elephant simulacrum (Lair:6)
  12 wights
  5 howler monkeys
  10 electric eels
  2 crimson imps (D:15)
  7 centaur zombies
  A bullfrog zombie (D:5)
  A hound (D:6)
  3 jellies
  5 centaur skeletons
  28 orc priests
  3 gnoll shamans
  12 orc wizards
  3 iguanas
  Terence (D:2)
  2 centaur simulacra
  8 ogre zombies (D:12)
  2 mummies (D:9)
  2 howler monkey zombies (D:9)
  31 gnolls
  5 adders
  3 shadow imps
  3 white imps
  6 ufetubi
  4 worms
  3 dart slugs
  61 orcs
  5 ball pythons
  5 bats
  6 endoplasms
  5 giant cockroaches
  10 goblins
  8 hobgoblins
  11 jackals
  8 kobolds
  2 quokkas (D:2)
  3 frilled lizards
  A goblin skeleton (D:12)
  5 goblin zombies (D:12)
  A hobgoblin skeleton (D:12)
  2 hobgoblin zombies (D:12)
  An orc skeleton (D:12)
  15 orc zombies (D:12)
  A rat (D:3)
1173 creatures vanquished.

Vanquished Creatures (collateral kills)
  A golden dragon (Zot:2)
  A draconian shifter (Zot:3)
  2 purple draconians (Zot:2)
  A fire dragon (Depths:2)
  A hydra (Swamp:2)
  A deep troll earth mage (Depths:2)
  A deep troll shaman (Depths:2)
  A flayed ghost (Depths:2)
  3 moths of wrath (Zot:2)
  A komodo dragon (Lair:3)
  2 hornets (Swamp:2)
  2 spriggans (Swamp:2)
  2 vampire mosquitoes (Swamp:2)
19 creatures vanquished.

Vanquished Creatures (others)
  A thorn hunter (Swamp:2)
  A fire giant (Depths:5)
  A vampire knight (Depths:2)
  A white draconian (Zot:3)
  A yellow draconian (Zot:2)
  A red draconian (Zot:3)
  A deep troll shaman (Depths:2)
  A deep troll earth mage (Depths:2)
  2 bloated husks
  A human (D:14)
  A shadow imp (D:15)
  An orc (D:3)
  A kobold (D:13)
  A bush (Lair:6)
  11 fungi
  31 plants
  A starspawn tentacle (Abyss:3)
  19 withered plants (Lair:6)
77 creatures vanquished.

Grand Total: 1269 creatures vanquished

Notes
Turn   | Place    | Note
-------+----------+-------------------------------------------
     0 | D:1      | EnegeticOcto the Minotaur Fighter began the quest for the
                  | Orb.
     0 | D:1      | Reached XP level 1. HP: 19/19 MP: 0/0
    99 | D:1      | Found Qudirro's General Store.
   117 | D:1      | Bought a scroll of magic mapping for 42 gold pieces
   124 | D:1      | Bought a scroll of identify for 24 gold pieces
   339 | D:1      | Reached XP level 2. HP: 26/27 MP: 1/1
   496 | D:1      | Reached skill level 3 in Axes
   891 | D:2      | Reached skill level 4 in Fighting
   891 | D:2      | Reached skill level 4 in Armour
   891 | D:2      | Reached skill level 4 in Shields
   891 | D:2      | Reached XP level 3. HP: 30/33 MP: 2/2
  1239 | D:2      | Noticed Terence
  1251 | D:2      | Killed Terence
  1252 | D:2      | Reached XP level 4. HP: 34/40 MP: 3/3
  1402 | D:2      | Reached skill level 4 in Axes
  1915 | D:3      | Found a faded altar of an unknown god.
  1935 | D:3      | Got Plato's Compendium of Stolen Souls
  1972 | D:3      | Found a stormy altar of Qazlal.
  2497 | D:3      | Found a sacrificial altar of Ru.
  2509 | D:3      | Reached XP level 5. HP: 44/47 MP: 4/4
  2513 | D:3      | Became a worshipper of Ru the Awakened
  2600 | D:3      | Found an iron altar of Okawaru.
  3002 | D:3      | Found a burning altar of Makhleb.
  3341 | D:4      | Reached skill level 5 in Axes
  3642 | D:4      | Noticed a lemure
  3645 | D:4      | Noticed a lemure
  3645 | D:4      | Noticed a lemure
  3645 | D:4      | Noticed a lemure
  3645 | D:4      | Noticed Pikel
  3647 | D:4      | Noticed a black bear
  3648 | D:4      | Killed a lemure
  3650 | D:4      | Killed Pikel
  3651 | D:4      | Reached skill level 5 in Fighting
  3651 | D:4      | Reached skill level 6 in Axes
  3651 | D:4      | Reached skill level 5 in Armour
  3651 | D:4      | Reached skill level 5 in Shields
  3651 | D:4      | Reached XP level 6. HP: 55/56 MP: 5/5
  3651 | D:4      | Reached XP level 7. HP: 60/61 MP: 6/6
  3905 | D:4      | Found a staircase to the Ecumenical Temple.
  3916 | Temple   | Entered the Ecumenical Temple
  4078 | Temple   | Fell from the grace of Ru
  4078 | Temple   | Became a worshipper of Gozag Ym Sagoz the Greedy
  4310 | D:4      | Reached skill level 7 in Axes
  4452 | D:4      | Reached skill level 6 in Shields
  4510 | D:4      | Reached skill level 6 in Fighting
  4733 | D:4      | Reached skill level 6 in Armour
  5080 | D:5      | Entered Level 5 of the Dungeon
  5084 | D:5      | Reached XP level 8. HP: 70/70 MP: 7/7
  5087 | D:5      | Identified the +8 flail "Buemieg" {freeze, Fragile rF++}
  5415 | D:5      | Reached skill level 8 in Axes
  6081 | D:5      | Reached skill level 7 in Fighting
  6081 | D:5      | Reached skill level 7 in Armour
  6309 | D:1      | Bought a scroll of blinking for 90 gold pieces
  6405 | D:6      | Reached skill level 7 in Shields
  6435 | D:6      | Reached skill level 9 in Axes
  6662 | D:6      | Reached XP level 9. HP: 75/79 MP: 8/8
  7673 | D:7      | Reached skill level 10 in Axes
  7742 | D:7      | Reached skill level 8 in Fighting
  7742 | D:7      | Reached skill level 8 in Armour
  7742 | D:7      | Reached skill level 8 in Shields
  7973 | D:7      | Reached skill level 11 in Axes
  8083 | D:7      | Reached XP level 10. HP: 90/90 MP: 9/9
  8276 | D:8      | Noticed a two-headed ogre
  8291 | D:8      | Killed a two-headed ogre
  8418 | D:8      | Reached skill level 9 in Fighting
  8418 | D:8      | Reached skill level 9 in Armour
  8418 | D:8      | Reached skill level 9 in Shields
  8482 | D:8      | Noticed Maurice
  8495 | D:8      | Killed Maurice
  8496 | D:8      | Reached skill level 12 in Axes
  8711 | D:8      | You fall into a shaft and drop 3 floors!
  8776 | D:11     | Noticed a two-headed ogre
  8776 | D:11     | Noticed a gargoyle
  8783 | D:11     | Killed a gargoyle
  8787 | D:11     | Killed a two-headed ogre
  8810 | D:10     | Entered Level 10 of the Dungeon
  8836 | D:10     | Reached XP level 11. HP: 96/99 MP: 10/10
  9025 | D:9      | Identified the +1 scale mail of Dice, Bag, and Bottle {rC+
                  | Will+}
  9069 | D:9      | Reached skill level 10 in Shields
  9074 | D:9      | Reached skill level 10 in Fighting
  9074 | D:9      | Reached skill level 10 in Armour
  9135 | D:9      | Found a staircase to the Lair.
  9142 | D:9      | Reached skill level 13 in Axes
  9389 | D:9      | Found a broken altar of Ashenzari.
  9542 | D:9      | Identified the -6 cloak of the World {rElec Regen+ Dex-2}
 10264 | D:10     | Noticed a two-headed ogre
 10273 | D:10     | Killed a two-headed ogre
 10328 | D:10     | Noticed a sixfirhy
 10701 | D:10     | Found a blossoming altar of Fedhas.
 10715 | D:10     | Noticed an oklob plant
 11112 | D:11     | Noticed Nergalle
 11128 | D:11     | Killed Nergalle
 11206 | D:11     | Noticed Josephine
 11216 | D:11     | Reached skill level 14 in Axes
 11230 | D:11     | Killed Josephine
 11316 | D:11     | Reached skill level 11 in Fighting
 11316 | D:11     | Reached skill level 11 in Armour
 11316 | D:11     | Reached skill level 11 in Shields
 11470 | D:11     | Reached XP level 12. HP: 104/110 MP: 11/11
 11570 | D:11     | Noticed a war gargoyle
 11584 | D:11     | Killed a war gargoyle
 11668 | Lair:1   | Entered Level 1 of the Lair of Beasts
 12032 | Lair:1   | Noticed a five-headed hydra
 12046 | Lair:1   | Killed a five-headed hydra
 12674 | Lair:2   | Got the Compendium of the Mountains
 12675 | Lair:2   | Found a hide-covered altar of Uskayaw.
 12677 | Lair:2   | Noticed a boulder beetle
 12693 | Lair:2   | Reached skill level 15 in Axes
 12702 | Lair:2   | Killed a boulder beetle
 13459 | Lair:3   | Found a hole to the Spider Nest.
 13481 | Lair:3   | Found a runed translucent door.
 13482 | Lair:3   | Noticed Dikli's ghost (journeyman MiBe)
 13676 | Lair:3   | Identified the +3 leather armour "Toitozesk" {Fly}
 13691 | Lair:3   | Cast into level 2 of the Abyss (Dikli's ghost)
 13719 | Lair:3   | Escaped the Abyss
 13729 | Lair:3   | Reached skill level 12 in Fighting
 13729 | Lair:3   | Reached skill level 12 in Armour
 13729 | Lair:3   | Reached skill level 12 in Shields
 13738 | Lair:3   | Killed Dikli's ghost
 13833 | Lair:3   | Found a staircase to the Swamp.
 14077 | Lair:3   | Noticed an eight-headed hydra
 14085 | Lair:3   | Killed an eight-headed hydra
 14292 | Lair:3   | Reached skill level 16 in Axes
 14292 | Lair:3   | Reached XP level 13. HP: 103/118 MP: 12/12
 14927 | Lair:4   | You fall into a shaft and drop 2 floors!
 14927 | Lair:6   | Entered Level 6 of the Lair of Beasts
 15099 | Lair:6   | Found a viscous altar of Jiyva.
 15099 | Lair:6   | Found a staircase to the Slime Pits.
 15310 | Lair:6   | Reached skill level 13 in Fighting
 15310 | Lair:6   | Reached skill level 17 in Axes
 15337 | Lair:6   | Reached skill level 13 in Shields
 15344 | Lair:6   | Reached skill level 13 in Armour
 15719 | Lair:6   | Noticed a dire elephant
 15719 | Lair:6   | Noticed a dire elephant
 15719 | Lair:6   | Noticed a dire elephant
 15719 | Lair:6   | Noticed a dire elephant
 15900 | Lair:6   | Noticed a dire elephant
 15922 | Lair:6   | Killed a dire elephant
 16000 | Lair:6   | Reached XP level 14. HP: 108/129 MP: 13/13
 16395 | Lair:6   | Identified a scroll of acquirement
 16396 | Lair:6   | Acquired 1105 gold pieces
 16515 | Lair:5   | Reached skill level 18 in Axes
 16735 | Lair:5   | Noticed kthxbai's ghost (journeyman DgCj)
 16740 | Lair:5   | Found a transporter.
 16811 | Lair:5   | Found a transporter.
 18000 | D:12     | Reached skill level 14 in Fighting
 18000 | D:12     | Reached skill level 14 in Shields
 18035 | D:12     | Noticed Snorg
 18055 | D:12     | Killed Snorg
 18056 | D:12     | Reached skill level 14 in Armour
 18362 | D:12     | Found a staircase to the Orcish Mines.
 18707 | Orc:1    | Entered Level 1 of the Orcish Mines
 18708 | Orc:1    | You fall into a shaft and drop 1 floor!
 18708 | Orc:2    | Entered Level 2 of the Orcish Mines
 19305 | Orc:2    | Noticed Urug
 19310 | Orc:2    | Killed Urug
 19320 | Orc:2    | Found a staircase to the Elven Halls.
 19592 | Orc:2    | Cast into level 3 of the Abyss (orc knight)
 19619 | Abyss:3  | Noticed a green very ugly thing
 19628 | Abyss:3  | Noticed a green very ugly thing
 19631 | Abyss:3  | Noticed a green very ugly thing
 19632 | Abyss:3  | Got an abyssal rune of Zot
 19675 | Abyss:3  | Killed a green very ugly thing
 19676 | Abyss:3  | Reached skill level 19 in Axes
 19676 | Abyss:3  | Reached XP level 15. HP: 34/139 MP: 11/11
 19835 | Abyss:3  | Noticed a Hell Sentinel
 19836 | Abyss:3  | Gained mutation: You are very dopey. (Int -4) [a neqoxec]
 19856 | Abyss:3  | Noticed a tentacled starspawn
 19877 | Abyss:3  | Killed a tentacled starspawn
 19880 | Orc:2    | Escaped the Abyss
 20229 | Orc:2    | Found Enypih's Book Shoppe.
 20281 | Orc:2    | Found Qaahidakats's Antique Armour Shoppe.
 20282 | Orc:2    | Found Ceink's Assorted Antiques.
 20282 | Orc:2    | Found Nokluol's Book Shoppe.
 20293 | Orc:2    | Bought 2 sapphire potions for 46 gold pieces
 20293 | Orc:2    | Bought a sapphire potion for 23 gold pieces
 20293 | Orc:2    | Bought a scroll of fog for 52 gold pieces
 20293 | Orc:2    | Bought a scroll of enchant armour for 195 gold pieces
 20318 | Orc:2    | Bought a glowing demon trident for 540 gold pieces
 20461 | D:13     | Reached skill level 1 in Evocations
 20509 | D:13     | Found a flickering gateway to a bazaar.
 20518 | Bazaar   | Entered a bazaar
 20518 | Bazaar   | Found Heripel's Book Boutique.
 20525 | Bazaar   | Found Neseg's Antique Weapon Shoppe.
 20533 | Bazaar   | Bought a glowing war axe for 130 gold pieces
 20535 | Bazaar   | Found Wyzahel's General Store.
 20543 | Bazaar   | Bought a scroll of teleportation for 27 gold pieces
 20543 | Bazaar   | Bought a scroll of enchant armour for 67 gold pieces
 20543 | Bazaar   | Bought a scroll of enchant weapon for 67 gold pieces
 20546 | Bazaar   | Found Ublaxeloal's Antique Armour Boutique.
 20557 | Bazaar   | Found Jeqe's Magic Scroll Emporium.
 20565 | Bazaar   | Bought a scroll of teleportation for 21 gold pieces
 20565 | Bazaar   | Bought a scroll of enchant armour for 52 gold pieces
 20565 | Bazaar   | Bought a scroll of enchant weapon for 52 gold pieces
 20703 | D:13     | Reached skill level 1 in Dodging
 20724 | D:13     | Reached skill level 2 in Evocations
 21115 | D:14     | Reached skill level 15 in Fighting
 21118 | D:14     | Reached skill level 2 in Dodging
 21118 | D:14     | Reached skill level 15 in Shields
 21186 | D:14     | Reached skill level 15 in Armour
 21235 | D:14     | Reached skill level 3 in Evocations
 21357 | D:14     | Reached skill level 3 in Dodging
 21444 | D:14     | Reached skill level 4 in Evocations
 21551 | D:14     | Found the +18 shield of the Gong {rElec rN+ Will+ EV-5}
 21942 | D:14     | Found a gate to the Vaults.
 22023 | D:15     | Entered Level 15 of the Dungeon
 22140 | D:15     | Reached skill level 4 in Dodging
 22185 | D:15     | Reached skill level 5 in Evocations
 22200 | D:15     | Reached XP level 16. HP: 149/149 MP: 15/15
 22227 | D:15     | Cast into level 3 of the Abyss (a wizard)
 22290 | D:15     | Escaped the Abyss
 22324 | D:15     | Found a staircase to the Depths.
 22772 | D:15     | Reached skill level 6 in Evocations
 22834 | D:15     | Reached skill level 5 in Dodging
 23183 | Spider:1 | Entered Level 1 of the Spider Nest
 23214 | Spider:1 | Noticed Jorgrun
 23219 | Spider:1 | Noticed Louise
 23222 | Spider:1 | Killed Jorgrun
 23243 | Spider:1 | Killed Louise
 23244 | Spider:1 | Reached skill level 7 in Evocations
 23271 | Spider:1 | Reached skill level 6 in Dodging
 23373 | Spider:1 | Noticed Frances
 23392 | Spider:1 | Killed Frances
 23571 | Spider:1 | Reached skill level 16 in Fighting
 23978 | Spider:2 | Reached skill level 16 in Armour
 24139 | Spider:2 | Reached skill level 8 in Evocations
 24550 | Spider:2 | Identified the +1 falchion of Chance {vorpal, rF+}
 24571 | Spider:2 | Reached skill level 7 in Dodging
 24594 | Spider:2 | You fall into a shaft and drop 1 floor!
 25119 | Spider:3 | Reached XP level 17. HP: 144/159 MP: 16/16
 25238 | Spider:3 | Noticed Arachne
 25265 | Spider:3 | Killed Arachne
 25266 | Spider:3 | Reached skill level 8 in Dodging
 25444 | Spider:4 | Entered Level 4 of the Spider Nest
 26050 | Spider:4 | Reached skill level 17 in Fighting
 26134 | Spider:4 | Reached skill level 17 in Armour
 26174 | Spider:4 | Reached skill level 9 in Dodging
 26643 | Spider:4 | Got a gossamer rune of Zot
 26887 | Swamp:1  | Entered Level 1 of the Swamp
 26961 | Swamp:2  | Reached skill level 10 in Dodging
 27169 | Swamp:3  | Reached skill level 20 in Axes
 27380 | Swamp:4  | Entered Level 4 of the Swamp
 27381 | Swamp:4  | Noticed a tentacled monstrosity
 27392 | Swamp:4  | Killed a tentacled monstrosity
 27577 | Swamp:4  | Reached XP level 18. HP: 171/171 MP: 17/17
 27603 | Swamp:4  | Reached skill level 18 in Fighting
 27615 | Swamp:4  | Reached skill level 18 in Armour
 27665 | Swamp:4  | Reached skill level 11 in Dodging
 27783 | Swamp:4  | Got a decaying rune of Zot
 28506 | Depths:1 | Entered Level 1 of the Depths
 28506 | Depths:1 | Found Hyhon's Jewellery Shop.
 28569 | Depths:1 | Bought a ring of willpower for 375 gold pieces
 28651 | Depths:1 | Found a one-way gate leading to the halls of Pandemonium.
 28652 | Depths:1 | Found Haschicam's Jewellery Emporium.
 28678 | Depths:2 | Found a portal to a secret trove of treasure.
 28746 | Depths:2 | Noticed a juggernaut
 28789 | Depths:2 | Killed a juggernaut
 29061 | Depths:2 | Reached skill level 19 in Fighting
 29197 | Depths:2 | Found a one-way gate to the infinite horrors of the Abyss.
 29282 | Depths:2 | Reached skill level 12 in Dodging
 29291 | Depths:2 | Reached XP level 19. HP: 136/183 MP: 18/18
 29294 | Depths:2 | Noticed Nikola
 29302 | Depths:2 | Killed Nikola
 29723 | Depths:3 | Reached skill level 21 in Axes
 29824 | Depths:5 | Entered Level 5 of the Depths
 30038 | Depths:5 | Reached skill level 19 in Armour
 30267 | Depths:5 | Reached skill level 20 in Fighting
 30272 | Depths:5 | HP: 8/277 [fire dragon/blast of flame (11)]
 30273 | Depths:5 | HP: 1/277 [fire dragon (6)]
 30278 | Depths:5 | HP: 19/415 [poison (poison gas)]
 30408 | Depths:5 | Found a gate to the Realm of Zot.
 30416 | Zot:1    | Entered Level 1 of the Realm of Zot
 30486 | Zot:2    | Noticed a golden dragon
 30496 | Zot:2    | Killed a golden dragon
 30639 | Zot:2    | Noticed a golden dragon
 30655 | Zot:2    | Killed a golden dragon
 30755 | Zot:3    | Reached skill level 13 in Dodging
 31339 | Zot:3    | Identified the +5 broad axe "Durolirr" {vorpal, rC+ MP+9
                  | Dex-3}
 31345 | Zot:3    | Noticed a Killer Klown
 31347 | Zot:3    | Reached XP level 20. HP: 131/195 MP: 19/19
 31350 | Zot:3    | Noticed a curse toe
 31378 | Zot:3    | Killed a Killer Klown
 31489 | Zot:3    | Noticed a golden dragon
 31535 | Zot:3    | Killed a golden dragon
 31535 | Zot:3    | Noticed an orb of fire
 31536 | Zot:3    | Quit the game

Illustrated notes

Levels and vault maps discovered:
D:1:      shiori_arrival_oz, layout_basic, serial_shops, shop_coins
D:2:      layout_loops_ring, serial_rivers, chequers_serial_rivers_small_3,
          chequers_serial_rivers_room_a, chequers_serial_rivers_room_a,
          chequers_serial_rivers_room_b, chequers_serial_rivers_micro_c,
          uniq_terence
D:3:      layout_loops_corners, okawaru_altar_gauntlet_db,
          nicolae_ru_great_annihilating_truth, lightli_temple_of_fire,
          nicolae_qazlal_general_emergency, shapermc_ecumenical_altar_rom_forum
D:4:      layout_cave_pods, minmay_temple_entry_gardened_gates, uniq_pikel
D:5:      layout_basic, serial_glass, glass_columns_a, glass_columns_c
D:6:      layout_layer_cave, minmay_three_doors
D:7:      layout_rooms, skrybe_limestone_x
D:8:      layout_rooms, uniq_maurice
D:9:      cheibrodos_two_vegetables, layout_stronghold, lemuel_doored_altar,
          erik_lair_orcish_takeover, serial_undead, serial_undead_c,
          serial_undead_e, serial_undead_a, serial_undead_b, serial_undead_d,
          serial_undead_e, minivault_11
D:10:     layout_loops_ring, tgw_fedhas
D:11:     layout_cave_pools, kennysheep_just_a_vault, uniq_nergalle,
          uniq_josephine
D:12:     layout_irregular_city, zombieorc2_lemuel, uniq_snorg
D:13:     layout_cave_pools, serial_shops, bzr_firewalk
D:14:     layout_small_grid, ximxim_vaults_locker_room,
          minmay_staircase_windowed_small, hellmonk_guarded_unrand_gong
D:15:     grunt_enter_depths_magical_seal, layout_irregular_city,
          hangedman_devilish_allure
Temple:   regret_index_temple_sphere_string
Lair:1:   layout_misc_corridors, st_stairs_6, minmay_hedge_maze
Lair:2:   layout_regular_city, basic_altar, bh_autumn_forest_stairs,
          grunt_forest_large_clearing_hut, serial_bayou_shore_a
Lair:3:   layout_cave_pods, swamp_mist, dummy_spider_entry,
          gammafunk_ghost_grave
Lair:4:   layout_cave_pods
Lair:5:   layout_misc_corridors, nzn_ghost_randoct, beast_lair_carwin_8,
          infiniplex_staircase_pool
Lair:6:   due_jungle_book, layout_regular_city, slime_altar_1
Swamp:1:  layout_falls_marsh, serial_swamp_ruin, hangedman_swamp_ruin_wall,
          evilmike_swamp_ruin_house_4
Swamp:2:  layout_basic_swamp, evilmike_swamp_ruin_house_2
Swamp:3:  layout_basic_swamp, evilmike_swamp_ruin_rubble_2
Swamp:4:  swamp, layout_basic_swamp, swamp_pool1, nicolae_swamp_triple_paths
Spider:1: layout_spider_delve, drop_trap, uniq_jorgrun, uniq_louise,
          uniq_frances
Spider:2: layout_chambers, nicolae_spider_cling_halls
Spider:3: layout_spider_delve, uniq_arachne
Spider:4: guppyfry_spider_rune
Orc:1:    layout_caves, basic_altar, serial_shops, nicolae_shop_crystal,
          uniq_harold, uniq_erolcha
Orc:2:    st_orc_pillars, layout_diamond_mine, uniq_urug
Depths:1: layout_basic, pan_entry, serial_shops, nicolae_shop_behind_doors,
          shop, nicolae_diamond_shop, nicolae_shop_window_shopping,
          pf_coc_iceberg, nicolae_hepliaklqana_hazy_memory,
          lightli_corner_chamber, uniq_saint_roka
Depths:2: minmay_ornate_pinched, layout_cave_pools, abyss_entry, hell_entry,
          pan_entry, nicolae_trove_entry_crystal, grunt_decor_cap,
          kennysheep_small_circle, serial_bayou_shore_b,
          minmay_staircase_bubble, serial_bayou_shore_b, uniq_nikola
Depths:3: minmay_the_grid_square_5x5_5x5
          [minmay_the_grid_square_5x5_doubleslash,
          minmay_the_grid_square_5x5_percent,
          minmay_the_grid_square_5x5_spiral_small,
          minmay_the_grid_square_5x5_hollow_slash,
          minmay_the_grid_square_5x5_lines,
          minmay_the_grid_square_5x5_intrusive_squares,
          minmay_the_grid_square_5x5_prize_gold, minmay_the_grid_square_5x5_six,
          minmay_the_grid_square_5x5_prize_snowflake,
          minmay_the_grid_square_5x5_n_small,
          minmay_the_grid_square_5x5_minibox,
          minmay_the_grid_square_5x5_inner_z,
          minmay_the_grid_square_5x5_prize_open,
          minmay_the_grid_square_5x5_sharp_hourglass,
          minmay_the_grid_square_5x5_shrine2,
          minmay_the_grid_square_5x5_fancy_junction,
          minmay_the_grid_square_5x5_prize_itemx,
          minmay_the_grid_square_5x5_bridge,
          minmay_the_grid_square_5x5_prize_open,
          minmay_the_grid_square_5x5_six_small,
          minmay_the_grid_square_5x5_slash, minmay_the_grid_square_5x5_mess,
          minmay_the_grid_square_5x5_broken_cross,
          minmay_the_grid_square_5x5_minimal,
          minmay_the_grid_square_5x5_two_walls_a], layout_gridville,
          enter_ziggurat_a, rand_demon_pan_entry_5, hell_entry, abyss_entry,
          grunt_decor_junction, infiniplex_enter_wizlab_water
Depths:4: evilmike_silver_temple, layout_small_grid, abyss_entry, serial_bayou,
          serial_bayou_crossing, serial_bayou_pond_e, serial_bayou_ford_a,
          serial_bayou_shore_b, grunt_mini_vestibule, tgw_trog, uniq_boris
Depths:5: grunt_zot_entry_pinwheel, layout_honeycomb, grunt_hell_entry_dis_old,
          nemelex_diamond_rough_becter, abyss_entry_small_statue_room,
          tso_oasis_becter, minmay_shop_star
Zot:1:    layout_gridlike, st_stairs_12, lemuel_golem_globe
Zot:2:    grunt_twist_and_shout, layout_onion_interference
Zot:3:    grunt_zot_stairs_mandelzot, layout_onion

Skill      XL: |  1  2  3  4  5  6  7  8  9 10 11 12 13 14 15 16 17 18 19 |
---------------+----------------------------------------------------------+-----
Axes           | 3 4 6 7 9 11 12 14 16 17 19 20 21 | 21.6
Fighting       | 4 5 6 7 8 9 11 12 13 14 15 16 17 19 20 | 20.9
Armour         | 4 5 6 7 8 9 11 12 13 14 15 16 17 18 19 | 19.6
Shields        | 4 5 6 7 8 9 11 12 13 14 15 | 15.0
Evocations     | 5 8 |  8.0
Dodging        | 4 7 10 12 13 | 13.4

Action                   |  1- 3 |  4- 6 |  7- 9 | 10-12 | 13-15 | 16-18 | 19-21 || total
-------------------------+-------+-------+-------+-------+-------+-------+-------++-------
Melee: War axe           |    76 |   103 |   307 |   582 |  1238 |  1197 |       ||  3503
       Headbutt          |    11 |    10 |    64 |   144 |   409 |   362 |    99 ||  1099
       Trident           |       |       |       |    11 |    61 |       |       ||    72
       Demon trident     |       |       |       |       |    39 |       |       ||    39
       Broad axe         |       |       |       |       |       |    95 |   385 ||   480
Invok: Call Merchant     |       |       |       |     1 |     2 |       |       ||     3
       Potion Petition   |       |       |       |       |     3 |     8 |     4 ||    15
Evoke: Wand              |       |     5 |     3 |    25 |     9 |    21 |    34 ||    97
       Lightning rod     |       |       |       |       |    10 |     4 |     3 ||    17
       Phantom mirror    |       |       |       |       |       |     2 |     1 ||     3
  Use: Scroll            |       |     2 |     9 |    12 |    17 |    14 |     7 ||    61
       Potion            |       |       |     1 |     5 |     4 |     9 |     8 ||    27
 Stab: Paralysed         |       |     1 |       |       |       |       |       ||     1
       Distracted        |       |       |     1 |     1 |    13 |    15 |     2 ||    32
       Petrified         |       |       |       |       |    12 |       |       ||    12
       Petrifying        |       |       |       |       |     4 |       |       ||     4
       Invisible         |       |       |       |       |    13 |       |    10 ||    23
Armor: Scale mail        |    14 |       |       |       |       |       |       ||    14
       Chain mail        |    25 |    61 |       |       |       |       |       ||    86
       Plate armour      |       |     3 |   203 |   369 |   462 |   729 |   218 ||  1984
       Skin              |       |       |       |       |       |       |    11 ||    11
Dodge: Dodged            |    21 |    22 |    69 |   149 |   393 |   489 |   114 ||  1257
Block: Kite shield       |    43 |    67 |   227 |   417 |   838 |   959 |   265 ||  2816
